 Dungeon Crawl Stone Soup version 0.24-a0-530-g18ba70b503 (webtiles) character file.

Game seed: 5076167247020303188

1632 DasRunzen the Skirmisher (level 8, 0/64 HPs)
             Began as a Demonspawn Fighter on Aug 7, 2019.
             Slain by an ogre
             ... wielding a +0 giant club
              (19 damage)
             ... on level 6 of the Dungeon.
             The game lasted 00:11:18 (4965 turns).

DasRunzen the Skirmisher (Demonspawn Fighter)       Turns: 4965, Time: 00:11:19

Health: 0/64       AC: 12    Str: 22    XL:     8   Next: 66%
Magic:  8/8        EV:  4    Int:  6    God:
Gold:   186        SH: 10    Dex: 14    Spells: 7/7 levels left

rFire    . . .     SeeInvis .   a - +2 war axe
rCold    . . .     Gourm    .   c - +0 shield
rNeg     . . .     Faith    .   j - +0 plate armour
rPois    .         Spirit   .   q - +0 hat
rElec    .         Reflect  .   (no cloak)
rCorr    .         Harm     .   (no gloves)
MR       .....                  (no boots)
Stlth    ..........             (no amulet)
HPRegen  0.20/turn              k - -3 ring of intelligence
MPRegen  0.11/turn              (no ring)

@: no status effects
A: hooves 1, agile 1, nightstalker 1, powered by death 1, strong 1
a: no special abilities


You were on level 6 of the Dungeon.
You were not hungry.

You visited 2 branches of the dungeon, and saw 7 of its levels.

You collected 186 gold pieces.

Inventory:

Hand Weapons
 a - a +2 war axe (weapon)
 g - the +7 hand crossbow of the Endless Expanse {venom, rF+ Str+2}
   (You found it on level 4 of the Dungeon)

   It poisons the ammo it fires.
   It affects your strength (+2).
   It protects you from fire.
Armour
 c - a +0 shield (worn)
 j - a +0 plate armour (worn)
 q - a +0 hat (worn)
Jewellery
 b - a +3 ring of strength {unknown}
 k - a -3 ring of intelligence (left hand)
 r - a +5 amulet of reflection {unknown}
Wands
 l - a wand of flame (15)
Scrolls
 m - a scroll of fog {unknown}
 n - a scroll of fear {unknown}
 o - 2 scrolls of teleportation
 s - a scroll of identify
Potions
 d - a potion of might
 e - 2 potions of curing
 h - 4 potions of berserk rage
 i - 3 potions of brilliance {unknown}
 p - 2 potions of resistance {unknown}
 u - a potion of haste {unknown}
Comestibles
 f - 10 rations
 t - a chunk of flesh


   Skills:
 + Level 6.3 Fighting
 + Level 5.2 Axes
 + Level 5.7 Armour
 + Level 5.7 Shields


You had 7 spell levels left.
You didn't know any spells.
Your spell library contained the following spells:

 Spells                   Type           Power        Failure   Level  Hunger
 Sandblast                Erth           #.....       100%        1    ##.....
 Passwall                 Tmut/Erth      #.......     100%        2    ###....
 Stone Arrow              Conj/Erth      #.....       100%        3    ####...
 Petrify                  Tmut/Erth      #.......     100%        4    #####..
 Lee's Rapid Deconstruct  Erth           #.........   100%        5    ######.


Dungeon Overview and Level Annotations

Branches:
Dungeon (6/15)             Temple (1/1) D:5

Altars:
Ashenzari
Cheibriados
Elyvilon
Fedhas
Hepliaklqana
Kikubaaqudgha
Makhleb
Nemelex Xobeh
Okawaru
Qazlal
Ru
Uskayaw
Vehumet
Yredelemnul
Zin

Shops:
D:5 [

Annotations:
D:4 3 runed translucent doors, hitsuchi's ghost, novice DrFE


Innate Abilities, Weirdness & Mutations

You have large cloven feet.
You are slightly more attuned to the shadows.
You regenerate a little health from kills.
You are agile. (Dex +2)
Your muscles are strong. (Str +2)


Message History

The ogre hits you with a +0 giant club.
You closely miss the ogre. You kick the ogre.
The ogre is severely wounded.
The ogre hits you with a +0 giant club!
You are too injured to fight recklessly!
You are too injured to fight recklessly!
You are too injured to fight recklessly!
You are too injured to fight recklessly!
You are too injured to fight recklessly!
You hit the ogre. You kick the ogre.
The ogre is severely wounded.
The ogre hits you with a +0 giant club!
* * * LOW HITPOINT WARNING * * *
You hit the ogre. You kick the ogre.
The ogre is almost dead.
You block the ogre's attack.
You closely miss the ogre. Your kick misses the ogre.
The ogre is almost dead.
The ogre hits you with a +0 giant club!!
You die...

.........##..
...........#.. .......
.......................
.......................
.......................
...........###.........
...........##......#...
#.......÷..........#...
#.....@.†..........#...
.....O.............#...
......................#
..#.............###.### [
#..............#### #
.#..............#####
....#..........>...#....
#........................
..........................


You could see an ogre.

Vanquished Creatures
  A hornet (D:6)
  Sigmund (D:6)
  Eustachio (D:5)
  A necrophage (D:6)
  2 centaurs (D:5)
  A bullfrog (D:6)
  A howler monkey (D:5)
  A quasit (D:5)
  2 jellies (D:6)
  2 orc priests
  A bullfrog skeleton (D:4)
  3 hounds
  A centaur skeleton (D:6)
  5 worker ants
  4 orc wizards
  2 hound skeletons (D:4)
  5 gnolls
  7 adders
  2 oozes
  An adder skeleton (D:6)
  7 worms
  A dart slug (D:4)
  A leopard gecko (D:2)
  10 orcs
  4 ball pythons
  5 giant cockroaches
  2 goblins
  7 hobgoblins
  17 jackals
  5 kobolds
  2 quokkas
  A ball python skeleton (D:5)
  A ball python zombie (D:5)
  5 bats
  8 frilled lizards
  A jackal zombie (D:6)
  4 rats
  3 toadstools (D:1)
128 creatures vanquished.

Vanquished Creatures (others)
  A toadstool (D:1)
1 creature vanquished.

Grand Total: 129 creatures vanquished

Notes
Turn   | Place    | Note
-------+----------+-------------------------------------------
     0 | D:1      | DasRunzen the Demonspawn Fighter began the quest for the
                  | Orb.
     0 | D:1      | Reached XP level 1. HP: 18/18 MP: 1/1
    66 | D:1      | Gained mutation: You are slightly more attuned to the
                  | shadows. [demonic ancestry]
    66 | D:1      | Reached XP level 2. HP: 16/24 MP: 2/2
   485 | D:1      | Gained mutation: You regenerate a little health from kills.
                  | [demonic ancestry]
   485 | D:1      | Reached XP level 3. HP: 29/29 MP: 3/3
  1728 | D:3      | Reached XP level 4. HP: 35/35 MP: 4/4
  1783 | D:3      | Paralysed by a goblin for 3 turns
  1796 | D:3      | HP: 1/36 [poisoned by a kobold]
  1800 | D:3      | Paralysed by a goblin for 5 turns
  2090 | D:3      | Paralysed by a goblin for 2 turns
  2336 | D:3      | Found a white marble altar of Elyvilon.
  2377 | D:3      | Reached XP level 5. HP: 42/42 MP: 5/5
  2472 | D:3      | Gained mutation: Your muscles are strong. (Str +2) [potion
                  | of mutation]
  2472 | D:3      | Gained mutation: You are agile. (Dex +2) [potion of
                  | mutation]
  2542 | D:4      | Got a warped hand crossbow
  2545 | D:4      | Identified the +7 hand crossbow of the Endless Expanse
                  | {venom, rF+ Str+2} (You found it on level 4 of the Dungeon)
  2610 | D:4      | Reached skill level 4 in Fighting
  2756 | D:4      | Gained mutation: You have large cloven feet. [demonic
                  | ancestry]
  2756 | D:4      | Reached XP level 6. HP: 44/48 MP: 6/6
  3136 | D:4      | Noticed hitsuchi's ghost (novice DrFE)
  3137 | D:4      | Found a runed translucent gate.
  3138 | D:4      | Found a runed translucent gate.
  3139 | D:4      | Found a runed translucent gate.
  3311 | D:5      | Entered Level 5 of the Dungeon
  3423 | D:5      | Reached XP level 7. HP: 13/55 MP: 7/7
  3670 | D:5      | Reached skill level 5 in Fighting
  3718 | D:5      | Noticed Eustachio
  3735 | D:5      | Killed Eustachio
  3752 | D:5      | Found a blossoming altar of Fedhas.
  3752 | D:5      | Found a basalt altar of Yredelemnul.
  3754 | D:5      | Found a stormy altar of Qazlal.
  3959 | D:5      | Found an iron altar of Okawaru.
  4131 | D:5      | Found a hide-covered altar of Uskayaw.
  4165 | D:5      | Found Iwubbio's Antique Armour Boutique.
  4303 | D:5      | Found a staircase to the Ecumenical Temple.
  4311 | Temple   | Entered the Ecumenical Temple
  4489 | D:5      | Found a sacrificial altar of Ru.
  4571 | D:6      | Noticed Sigmund
  4608 | D:6      | Killed Sigmund
  4608 | D:6      | Reached skill level 5 in Armour
  4608 | D:6      | Reached skill level 5 in Shields
  4608 | D:6      | Reached XP level 8. HP: 53/64 MP: 8/8
  4766 | D:6      | Reached skill level 6 in Fighting
  4766 | D:6      | Reached skill level 5 in Axes
  4782 | D:6      | Noticed a hornet
  4786 | D:6      | Paralysed by a hornet for 1 turns
  4792 | D:6      | Killed a hornet
  4965 | D:6      | Slain by an ogre

Levels and vault maps discovered:
D:1:      ldierk_water_garden, layout_loops_cross, nrook_campfire,
          serial_bayou_pond_c, minmay_misc_feat_doors
D:2:      minmay_spotlight, layout_rooms, serial_rivers,
          chequers_serial_rivers_large_b, chequers_serial_rivers_room_b,
          chequers_serial_rivers_micro_c, chequers_serial_rivers_small_b,
          chequers_serial_rivers_large_a, grunt_ministairs_5,
          serial_bayou_ford_a, kennysheep_nondescript
D:3:      layout_rooms, overflow_temple_1_default, first_ration,
          roderic_roman_lattice
D:4:      layout_loops_ring, biasface_ghost_orc_armoury
D:5:      minmay_razor_zed, layout_loops_ring, nicolae_overflow_hidden_temple,
          lemuel_coloured_pillars_altar, grunt_qazlal_clouds,
          chequers_temple_overflow_statue_of_worship, lemuel_temple_firewalk_a,
          basic_altar, serial_shops, nicolae_shop_trees, uniq_eustachio
D:6:      layout_cave_pools, uniq_sigmund
Temple:   nicolae_temple_figure_zero

Skill      XL: |  1  2  3  4  5  6  7  8 |
---------------+-------------------------+-----
Axes           | 2 3 4 5 |  5.2
Armour         | 3 4 5 |  5.7
Shields        | 3 4 5 |  5.7
Fighting       | 4 5 6 |  6.3

Action                   |  1- 3 |  4- 6 |  7- 9 || total
-------------------------+-------+-------+-------++-------
Melee: War axe           |   133 |   175 |   123 ||   431
       Kick              |       |    22 |    41 ||    63
  Use: Scroll            |     6 |     6 |       ||    12
       Potion            |       |     1 |     1 ||     2
  Eat: Chunk             |     1 |     6 |     7 ||    14
Armor: Scale mail        |    25 |       |       ||    25
       Plate armour      |    64 |   142 |   114 ||   320
Dodge: Dodged            |    32 |    27 |    39 ||    98
Block: Shield            |    77 |   102 |    90 ||   269

Table legend:
 A = Non-vault XP
 B = Vault XP
 C = Vault XP percentage of total XP
 D = Non-vault monster count
 E = Vault monster count
 F = Vault count percentage of total count
                 A         B        C        D         E       F
            +---------+---------+-------+---------+---------+-------
      Total |    1678 |     654 |  28.0 |     111 |      14 |  11.2
            +---------+---------+-------+---------+---------+-------
        D:1 |      44 |       0 |   0.0 |      19 |       0 |   0.0
        D:2 |      44 |       8 |  15.4 |      13 |       4 |  23.5
        D:3 |     106 |       0 |   0.0 |      25 |       0 |   0.0
        D:4 |     331 |       0 |   0.0 |      21 |       0 |   0.0
        D:5 |     397 |     434 |  52.2 |      15 |       9 |  37.5
        D:6 |     756 |     212 |  21.9 |      18 |       1 |   5.3
            +---------+---------+-------+---------+---------+-------
